[Event "Late-Titled-Tuesday-Blitz-April-30-2024"]
[Site "Chess.com"]
[Date "2024.04.30"]
[Round "2"]
[White "MiguelBestard1981"]
[Black "albayo"]
[Result "1-0"]
[WhiteElo "2144"]
[BlackElo "2439"]
[TimeControl "180+1"]
[EndTime "14:18:50 PDT"]
[Termination "MiguelBestard1981 won on time"]

1. e4 c5 2. Nf3 g6 3. h4 h5 4. d3 d6 5. Be2 Bg7 6. Ng5 Nc6 7. g4 hxg4 8. Bxg4 Bxg4 9. Qxg4 Nf6 10. Qg2 Qd7 11. c3 b5 12. Na3 Ne5 13. Rh3 c4 14. d4 Nd3+ 15. Ke2 Nxc1+ 16. Rxc1 a6 17. Rg1 Nh5 18. Rf3 e5 19. Nxf7 Rf8 20. Qxg6 Rxf7 21. Qxh5 Kf8 22. Rxf7+ Qxf7 23. Qxf7+ Kxf7 24. d5 Rh8 25. Rh1 Rh5 26. Kf3 Bf6 27. Kg4 Rh8 28. h5 Kg7 29.
Kf5 Rf8 30. Ke6 Rd8 31. h6+ Kg6 32. h7 Rh8 33. Kxd6 Kf7 34. Kc6 Ke7 35. Kb7 Kd6 36.
Kxa6 Kc5 37. Nxb5 Ra8+ 38. Na7 Rh8 39. b4+ cxb3 40. axb3 Bd8 41. b4+ Kc4 42. b5 Kc5 43. Nc8 Bf6 44. b6 Rxc8 45. b7 Rb8 46. Ka7 Rd8 47.
b8=Q Rd7+ 48. Qb7 Bd8 49. Qxd7 Bb6+ 50. Kb7 1-0

[Event "Late-Titled-Tuesday-Blitz-April-30-2024"]
[Site "Chess.com"]
[Date "2024.04.30"]
[Round "2"]
[White "maximnovik"]
[Black "AlainBruxelles"]
[Result "1-0"]
[WhiteElo "2504"]
[BlackElo "2243"]
[TimeControl "180+1"]
[EndTime "14:18:51 PDT"]
[Termination "maximnovik won by resignation"]

1. e4 c6 2. d4 d5 3. Nc3 dxe4 4.
Nxe4 Nd7 5. Nf3 Ngf6 6. Ng3 e6 7. Bd3 Bd6 8. O-O O-O 9. Re1 Qc7 10. b3 c5 11. Bb2 b6 12. Qe2 Bb7 13. c4 a6 14.
Rad1 Rad8 15. Bb1 cxd4 16. Nxd4 Bc5 17. Nh5 Nxh5 18. Qxh5 Nf6 19. Qh4 h6 20. Nf3 Rxd1 21.
Rxd1 Rd8 22. Re1 Ne8 23. Bc3 Bxf3 24. gxf3 Qe7 25. Qxe7 Bxe7 26. f4 Bf6 27. Be5 Rd2 28.
Kg2 Bh4 29. Rf1 f6 30. Bc3 Rd7 31. Kh3 g5 32. f5 e5 33. Be4 Nc7 34. f3 h5 35. Kg2 Kf7 36. Bc2 g4 37. Rd1 Rxd1 38. Bxd1 gxf3+ 39. Bxf3 Bg5 40. Bxh5+ Ke7 41. Bf3 Kd6 42.
Kg3 Ne8 43. h4 Bh6 44. Kg4 Ng7 45. Be4 Be3 46. Be1 Bc5 47. h5 Bd4 48. h6 1-0

[Event "Late-Titled-Tuesday-Blitz-April-30-2024"]
[Site "Chess.com"]
[Date "2024.04.30"]
[Round "2"]
[White "JiiHart"]
[Black "Slovak_fighter2000"]
[Result "0-1"]
[WhiteElo "2161"]
[BlackElo "2470"]
[TimeControl "180+1"]
[EndTime "14:18:53 PDT"]
[Termination "Slovak_fighter2000 won by resignation"]

1. e4 c5 2. c3 d5 3. exd5 Nf6 4. d4 cxd4 5. c4 e6 6. Nf3 exd5 7. cxd5 Qxd5 8. Qxd4 Nc6 9. Qxd5 Nxd5 10. a3 Bc5 11. Bb5 O-O 12. O-O Nc7 13. Bc4 Be6 14. Nbd2 Rad8 15. b4 Bb6 16. Bb2 Rfe8 17. Rfd1 h6 18. h3 a6 19. Bf1 Nd5 20. Rac1 Rc8 21. Nc4 Bc7 22. Nce5 Nxe5 23. Nxe5 Bb6 24. Nc4 Bc7 25. Be5 Bxe5 26. Nxe5 Rxc1 27. Rxc1 Bxh3 28. Nxf7 Kxf7 29. gxh3 Nf4 30. Rc7+ Re7 31. Rxe7+ Kxe7 32. Kh2 Kf6 33. Kg3 Ke5 34. Kf3 g5 35. Ke3 Nd5+ 36. Kd3 Nf6 37.
Bg2 b6 38. Bb7 Nh5 39. Bc8 Kd5 40. Kc3 a5 41. bxa5 bxa5 42. a4 Kc5 43. Bg4 Nf6 44.
Bf5 Nd5+ 45. Kb3 Nb6 46. Bg6 Kd4 47. Bh5 Nc4 48. Bf7 Nd2+ 49. Kc2 Ne4 50. f3 Nc5 51. Be8 Kc4 52. h4 Kb4 53. hxg5 hxg5 54. Kd2 Nxa4 55. Bxa4 Kxa4 56. Kc3 Kb5 57. Kb3 a4+ 58. Kc3 Kc5 59. Kd3 Kb4 60. Ke4 a3 61. Kf5 a2 62. Kxg5 a1=Q 63.
f4 Qg7+ 64. Kf5 Qf7+ 65. Ke5 Kc5 66. f5 Qe7+ 67. Kf4 Qf6 0-1

[Event "Late-Titled-Tuesday-Blitz-April-30-2024"]
[Site "Chess.com"]
[Date "2024.04.30"]
[Round "2"]
[White "conformalfunction"]
[Black "Umumba_FM"]
[Result "0-1"]
[WhiteElo "2416"]
[BlackElo "2700"]
[TimeControl "180+1"]
[EndTime "14:18:56 PDT"]
[Termination "Umumba_FM won by checkmate"]

1. e4 e5 2. Nf3 Nc6 3. Bb5 a6 4. Bxc6 dxc6 5. O-O Bg4 6. h3 h5 7. d3 Qf6 8. Nbd2 Ne7 9. Re1 Ng6 10. d4 Bd6 11. c3 Nf4 12. h4 O-O-O 13. Nf1 Nh3+ 14.
gxh3 Bxf3 15. Qd3 exd4 16. e5 Bxe5 17. Bg5 Qd6 18. Qxf3 f6 19. Rad1 Kb8 20. cxd4 Bxd4 21. Bf4 Qb4 22. b3 Bb6 23. Be3 Qxh4 24. Bxb6 cxb6 25.
Qg3+ Qxg3+ 26. fxg3 Rxd1 27. Rxd1 Kc7 28. Kf2 Re8 29.
Ne3 g6 30. Kf3 b5 31. b4 b6 32. Rd4 a5 33. a3 axb4 34. axb4 Ra8 35. Re4 Kd6 36.
Rd4+ Ke6 37. Rd3 c5 38. Nd5 Ra4 39. bxc5 bxc5 40. Nc7+ Ke5 41. Nxb5 g5 42. Ke3 f5 43. Rc3 c4 44. Na3 Kd5 45. h4 f4+ 46. gxf4 gxh4 47. Nc2 Ra8 48. Ne1 Re8+ 49. Kf2 Kd4 50. Rc2 c3 51.
Nf3+ Kd3 52. Rc1 c2 53. Rh1 Re2+ 54. Kf1 Ke3 55. Nd4 c1=Q# 0-1

[Event "Late-Titled-Tuesday-Blitz-April-30-2024"]
[Site "Chess.com"]
[Date "2024.04.30"]
[Round "2"]
[White "ATM622"]
[Black "carokannlover213"]
[Result "0-1"]
[WhiteElo "2543"]
[BlackElo "2782"]
[TimeControl "180+1"]
[EndTime "14:18:57 PDT"]
[Termination "carokannlover213 won by resignation"]

1. d4 Nf6 2. c4 c6 3. g3 d5 4. Bg2 dxc4 5. a4 e6 6. Nf3 Bb4+ 7. Bd2 a5 8. O-O O-O 9. Qc2 b5 10. b3 cxb3 11. Qxb3 Bxd2 12. Nbxd2 b4 13. Rac1 Nbd7 14. Rxc6 Bb7 15. Rc2 Bd5 16. Qb2 Nb6 17. Ra1 Rc8 18. e3 Rxc2 19. Qxc2 Qa8 20. Ne1 Rc8 21. Qd1 Bxg2 22.
Nxg2 Nfd5 23. Ne4 Nc3 24. Nxc3 Rxc3 25. Nf4 Qc6 26. Qg4 Rc1+ 27. Rxc1 Qxc1+ 28. Kg2 Qc6+ 29. Kh3 Nxa4 30. Nh5 g6 31. Qg5 f6 32. Nxf6+ Kf7 33. Ng4 Qd5 34. Ne5+ Ke8 35. Qf6 Nb6 36. Qh8+ Ke7 37.
Qxh7+ Kd6 38. Qh8 Kc7 39. Qf8 Nd7 40. Qe7 b3 41. Nf7 b2 42. Qd8+ Kb7 43. e4 Qc6 44.
d5 Qc7 45. d6 Qxd8 46. Nxd8+ Kb6 47. Nxe6 b1=Q 0-1

[Event "Late-Titled-Tuesday-Blitz-April-30-2024"]
[Site "Chess.com"]
[Date "2024.04.30"]
[Round "2"]
[White "mbojan"]
[Black "karinachess1"]
[Result "1-0"]
[WhiteElo "2950"]
[BlackElo "2605"]
[TimeControl "180+1"]
[EndTime "14:18:58 PDT"]
[Termination "mbojan won by resignation"]

1. a3 e5 2. e3 d5 3. d4 Nc6 4.
Bb5 Bd6 5. dxe5 Bxe5 6. Nf3 Bf6 7.
c4 Be6 8. cxd5 Qxd5 9. Qxd5 Bxd5 10. Nc3 Bb3 11. Ne4 O-O-O 12. Bd2 Bxb2 13. Rb1 Bc2 14.
Rxb2 Bxe4 15. Bc3 f6 16. Ke2 Nge7 17. Nd2 Bg6 18. e4 Nd4+ 19. Ke3 Nxb5 20. Rxb5 Rhe8 21.
Kf4 Rd3 22. Rc1 Nc6 23. f3 Red8 24. Nb3 Rd1 25. Rxd1 Rxd1 26. Na5 Nd8 27. h4 b6 28. Nb3 Ne6+ 29. Ke3 Rb1 30. Nd4 Rxb5 31. Nxb5 Kb7 32. g4 Be8 33. Nd4 Nxd4 34. Kxd4 Bf7 35. f4 c5+ 36. Ke3 Kc6 37. f5 a5 38. Kf4 h6 39.
g5 hxg5+ 40. hxg5 fxg5+ 41. Kxg5 b5 42. Bxa5 b4 43. axb4 c4 44. b5+ Kxb5 45. Bc3 Kc6 46.
Bxg7 Kd6 47. Bc3 Ke7 48. e5 Bd5 49. Bb4+ Kf7 50. Kf4 Ke8 51. e6 Kd8 52. Ke5 Bf3 53. f6 Bh5 54. f7 1-0

[Event "Late-Titled-Tuesday-Blitz-April-30-2024"]
[Site "Chess.com"]
[Date "2024.04.30"]
[Round "2"]
[White "AlexeiShirov"]
[Black "lucasran"]
[Result "1-0"]
[WhiteElo "2814"]
[BlackElo "2554"]
[TimeControl "180+1"]
[EndTime "14:18:58 PDT"]
[Termination "AlexeiShirov won by resignation"]

1. e4 c6 2. d4 d5 3. e5 Bf5 4. h4 h5 5. Bd3 Bxd3 6. Qxd3 Qa5+ 7. Nd2 Qa6 8. e6 Qxd3 9. exf7+ Kxf7 10. cxd3 Nd7 11. Ndf3 g6 12. Ng5+ Kf6 13. Rh3 Nh6 14. Re3 Nf5 15. Re6+ Kg7 16. N1f3 Rg8 17. Bf4 Kh8 18. Kd2 Re8 19. Rae1 Kg7 20. Be5+ Nxe5 21. Nxe5 Kh6 22. Ngf3 Kh7 23. g4 hxg4 24. Nxg4 Bh6+ 25. Kc3 Bf4 26. Nf6+ exf6 27. Rxe8 Rg7 28. Ra8 a6 29.
Ree8 Rd7 30. Rh8+ Kg7 31. Rag8+ Kf7 32. Rh7+ Ke6 33. Rxd7 Kxd7 34. Rxg6 Ke6 35. Rg8 Kf7 36. Rd8 Kg6 37. Rd7 b6 38. Rb7 b5 39. Rb6 Ne7 40.
Rxa6 Kh5 41. Ne1 Kxh4 42. Ng2+ Kg4 43. Nxf4 Kxf4 44. Kb4 Kf5 45. Kc5 Ke6 46. b3 Kd7 47. a4 bxa4 48. bxa4 Kc7 49. Ra7+ Kd8 50. a5 Nc8 51.
Rh7 1-0

[Event "Late-Titled-Tuesday-Blitz-April-30-2024"]
[Site "Chess.com"]
[Date "2024.04.30"]
[Round "2"]
[White "grzechu96"]
[Black "Itay121"]
[Result "1-0"]
[WhiteElo "2775"]
[BlackElo "2543"]
[TimeControl "180+1"]
[EndTime "14:18:58 PDT"]
[Termination "grzechu96 won by checkmate"]

1. e4 c5 2. Nf3 e6 3. g3 d5 4.
exd5 exd5 5. Bg2 Nf6 6. O-O Be7 7. d4 O-O 8. dxc5 Bxc5 9. Nbd2 Nc6 10. Nb3 Bb6 11.
h3 h6 12. Re1 Bf5 13. c3 Ne4 14. Be3 Re8 15. Nbd4 Bg6 16. Qa4 Qf6 17. Rad1 Rad8 18. Qb5 Nc5 19. Nb3 Nxb3 20. Bxb6 axb6 21. axb3 Rxe1+ 22. Rxe1 d4 23. Qxb6 dxc3 24. bxc3 Qxc3 25. Qxb7 Nd4 26. Re3 Qc1+ 27. Kh2 Nc2 28. Rc3 Qb2 29. Rc8 Rxc8 30. Qxc8+ Kh7 31. Qc4 Na3 32. Qb4 Nc2 33.
Qb6 Na3 34. b4 Nc4 35. Qc5 Na3 36. Ne5 Qb3 37. Nxg6 fxg6 38. h4 Nc2 39. b5 Ne1 40. b6 Qd1 41. b7 Qd8 42. Qc8 Nf3+ 43. Bxf3 Qd2 44. b8=Q Qxf2+ 45. Bg2 g5 46. Qg8+ Kg6 47. Qbe8+ Kf5 48. Qge6# 1-0

[Event "Late-Titled-Tuesday-Blitz-April-30-2024"]
[Site "Chess.com"]
[Date "2024.04.30"]
[Round "2"]
[White "Sanyura"]
[Black "laskakid"]
[Result "1-0"]
[WhiteElo "2663"]
[BlackElo "2395"]
[TimeControl "180+1"]
[EndTime "14:18:58 PDT"]
[Termination "Sanyura won on time"]

1. d4 f5 2. c4 Nf6 3. Nc3 d6 4. Bg5 Nbd7 5. Nf3 g6 6. g3 Bg7 7. Bg2 O-O 8. O-O h6 9. Bxf6 Nxf6 10. d5 Bd7 11. Nd4 Qe8 12. b4 c6 13. dxc6 bxc6 14. Qd3 e5 15. Nb3 Qe7 16. Rad1 Rab8 17. a3 Qf7 18.
Na5 d5 19. cxd5 e4 20. Qd2 cxd5 21. Nxd5 Ba4 22. Nxf6+ Bxf6 23. Rc1 Bg5 24. e3 Rfd8 25. Qc3 Rd3 26. Qe5 Re8 27. Qc5 Rxa3 28. Nc4 Ra2 29. Nd6 Be7 30. Qc7 Bxd6 31. Qxd6 Bc2 32. Ra1 Bd3 33.
Rxa2 Bxf1 34. Bxf1 Qxa2 35. Qxg6+ Kf8 36. Qxh6+ Ke7 37.
Qg5+ Kd6 38. Qxf5 Qb1 39. Qc5+ Kd7 40. Qxa7+ Ke6 41. Qd4 Rc8 42. Kg2 Rc1 43. Bc4+ Kf5 44. Qd5+ Kf6 45. Qe6+ Kg7 46. Kh3 Rg1 47. Bd5 Qf1+ 48.
Kh4 Qg2 49. Qf7+ 1-0

[Event "Late-Titled-Tuesday-Blitz-April-30-2024"]
[Site "Chess.com"]
[Date "2024.04.30"]
[Round "2"]
[White "jactorres"]
[Black "brother-bear"]
[Result "1-0"]
[WhiteElo "2448"]
[BlackElo "2052"]
[TimeControl "180+1"]
[EndTime "14:18:59 PDT"]
[Termination "jactorres won on time"]

1. e4 c6 2. d4 d5 3. exd5 cxd5 4. c4 Nf6 5. Nc3 Nc6 6. Bg5 Be6 7. c5 Ne4 8. Bf4 Nxc3 9. bxc3 g6 10. Nf3 Bg7 11. Bb5 O-O 12. O-O a6 13. Bd3 Bg4 14. h3 Bxf3 15.
Qxf3 e6 16. Rab1 e5 17. dxe5 Nxe5 18. Bxe5 Bxe5 19. c4 dxc4 20. Bxc4 Rb8 21. Rxb7 Rxb7 22. Qxb7 Qd4 23. Qd5 a5 24. Qxd4 Bxd4 25. c6 Be5 26. Rd1 Rc8 27. Bb5 Rc7 28. Rd8+ Kg7 29. g3 Kf6 30. Kg2 h5 31. h4 Ke7 32. Ra8 Bc3 33. Kf3 Be1 34. Ke2 Bb4 35. a3 Bxa3 36. Rxa5 Bd6 37. Ra4 f6 38. Re4+ Kf7 39. Bc4+ Kg7 40. Bb5 Kf7 41. Kd3 g5 42. Kc4 gxh4 43. gxh4 Re7 44.
Rd4 Bc7 45. Rd7 Rxd7 46. cxd7 Ke7 47. Kd5 Bb6 48. Kc6 Bd8 49. Bc4 1-0

[Event "Late-Titled-Tuesday-Blitz-April-30-2024"]
[Site "Chess.com"]
[Date "2024.04.30"]
[Round "2"]
[White "frederiksvane"]
[Black "BabageldiAnnaberdiyev"]
[Result "1-0"]
[WhiteElo "3016"]
[BlackElo "2623"]
[TimeControl "180+1"]
[EndTime "14:19:00 PDT"]
[Termination "frederiksvane won on time"]

1. b3 e6 2. Bb2 d5 3. Nf3 f5 4. e3 Nf6 5. c4 c6 6. Be2 Bd6 7. O-O O-O 8. d4 a5 9. Nc3 Nbd7 10.
Qc2 Ne4 11. Bd3 Rf6 12. Ne2 Rh6 13. g3 Qf6 14. Kg2 g5 15. Rh1 g4 16. Nfg1 Nf8 17.
Rf1 Ng6 18. h3 gxh3+ 19. Rxh3 Rxh3 20. Nxh3 Bd7 21. f3 Ng5 22. Rh1 Nxh3 23. Rxh3 Rf8 24.
Qc1 Rf7 25. f4 Rg7 26. Ng1 Be8 27. Nf3 h5 28. Kf2 Ne7 29. Ba3 Bc7 30. Bxe7 Qxe7 31. Qd2 Bg6 32. Be2 Qa3 33. Ng5 Qe7 34. Bxh5 dxc4 35. bxc4 b5 36. Qe2 Qf6 37. Bxg6 Qxg6 38. cxb5 cxb5 39. Qxb5 Bd8 40. Qb8 Qe8 41. Nxe6 Qxe6 42.
Qxd8+ Kf7 43. Qc7+ Kg6 44. Qc2 Re7 45. g4 1-0

[Event "Late-Titled-Tuesday-Blitz-April-30-2024"]
[Site "Chess.com"]
[Date "2024.04.30"]
[Round "2"]
[White "KChor05"]
[Black "Hrant_ChessMood"]
[Result "0-1"]
[WhiteElo "2601"]
[BlackElo "2941"]
[TimeControl "180+1"]
[EndTime "14:19:01 PDT"]
[Termination "Hrant_ChessMood won by resignation"]

1. e4 e5 2. Nf3 Nc6 3. Bb5 a6 4. Ba4 Nge7 5. O-O Ng6 6. d4 Nxd4 7. Nxd4 exd4 8. Qxd4 Qf6 9. Qxf6 gxf6 10. Nc3 c6 11. Be3 d6 12. Nd5 Kd8 13. Bb6+ Kd7 14. Nxf6+ Ke7 15.
Bd4 Bg7 16. Nd5+ cxd5 17. Bxg7 Rg8 18. Bc3 dxe4 19. Rfe1 d5 20. Bb4+ Kf6 21. Bc3+ Ke7 22. Bb4+ Kf6 23. Bc3+ Kf5 24. Rad1 Be6 25. Kh1 Nh4 26.
g3 Nf3 27. Re3 Rad8 28. Bd4 b5 29. Bb3 Kg6 30. c3 Bg4 31. Rc1 Rd7 32. Kg2 Rc8 33. Rc2 a5 34. h3 Be6 35. a4 Rb7 36. axb5 Rxb5 37. Ba4 Nxd4 38. cxd4 Rxc2 39. Bxb5 Rxb2 40. Bc6 Rb6 41. Be8 Rb4 42. Ra3 Rxd4 43. Rxa5 Rd2 44.
Bc6 e3 45. Kf3 exf2 46. Ra1 d4 47. h4 Bc4 48. Be4+ Kg7 49. Rc1 f1=Q+ 50. Rxf1 Bxf1 51. Kg4 d3 0-1

[Event "Late-Titled-Tuesday-Blitz-April-30-2024"]
[Site "Chess.com"]
[Date "2024.04.30"]
[Round "2"]
[White "BeanScreen"]
[Black "falzehope0"]
[Result "0-1"]
[WhiteElo "2674"]
[BlackElo "2413"]
[TimeControl "180+1"]
[EndTime "14:19:02 PDT"]
[Termination "falzehope0 won on time"]

1. e4 d6 2. d4 Nf6 3. Nc3 Nbd7 4.
Nf3 e5 5. Bc4 Be7 6. O-O O-O 7.
a4 c6 8. h3 Qc7 9. Re1 h6 10.
Ba2 Re8 11. Nh4 Nf8 12. Be3 Nxe4 13. Nxe4 Bxh4 14. Qh5 d5 15. Qxh4 dxe4 16. Qxe4 Bd7 17.
dxe5 Qxe5 18. Qf3 Qf5 19. Qg3 Qxc2 20. Bxh6 Qg6 21. Bg5 Ne6 22. Bh4 Qxg3 23. Bxg3 Nd4 24. Kh2 c5 25. Rad1 Bxa4 26. Rc1 b6 27. Bd5 Rad8 28.
Rxe8+ Bxe8 29. Be4 Ne2 30. Ra1 Nxg3 31. Kxg3 a5 32.
Ra3 Kf8 33. Rb3 b5 34. Re3 Rd4 35. f4 g6 36. Kf3 a4 37. g4 Bd7 38. h4 f5 39.
gxf5 gxf5 40. Bb7 Kf7 41. h5 Rd1 42. Re5 Rc1 43. Kg3 b4 44. h6 Rg1+ 45. Kf2 Rg6 46.
Bd5+ Kf8 47. h7 Rh6 48. Bg8 a3 49. Rd5 Ke7 50. Rxc5 axb2 51. Re5+ Kd6 52. Re1 Bc6 53. Rb1 Be4 54. Rxb2 Kc5 55. Kg3 Kb5 56. Rh2 Rg6+ 57. Kf2 b3 0-1

[Event "Late-Titled-Tuesday-Blitz-April-30-2024"]
[Site "Chess.com"]
[Date "2024.04.30"]
[Round "2"]
[White "LukaRadovic0803"]
[Black "NowInChess"]
[Result "1-0"]
[WhiteElo "2504"]
[BlackElo "2251"]
[TimeControl "180+1"]
[EndTime "14:19:03 PDT"]
[Termination "LukaRadovic0803 won on time"]

1. Nf3 Nf6 2. c4 g6 3. g3 Bg7 4. Bg2 d6 5. O-O O-O 6. d4 c6 7. Nc3 Qa5 8. e4 Bg4 9. h3 Bxf3 10. Bxf3 e5 11. d5 cxd5 12. cxd5 Nbd7 13. Be3 Rfc8 14. a3 a6 15. b4 Qd8 16. Qc2 Rc4 17. Be2 Rc7 18.
Rfc1 Rac8 19. Qb3 Qf8 20. a4 Bh6 21. Bxh6 Qxh6 22. Rc2 Nxe4 23. Rac1 Nxc3 24. Rxc3 Qxc1+ 25. Rxc1 Rxc1+ 26. Kg2 f5 27. Qe3 R1c2 28. Bd1 Rc1 29. Be2 R8c2 30. b5 a5 31. Qg5 Kf7 32. Bd3 Rc7 33.
Qd8 e4 34. b6 Nxb6 35. Bb5 e3 36. fxe3 R7c2+ 37. Kf3 Nxd5 38. Qxd6 Ne7 39. Qd7 Rc8 40. Qxb7 R1c7 41. Qb6 Rc3 42. Qd4 R8c5 43. Bd7 Nd5 44. Qd2 Rxe3+ 45. Kf2 Rec3 46. Qe2 Rc2 47. Be6+ 1-0

[Event "Late-Titled-Tuesday-Blitz-April-30-2024"]
[Site "Chess.com"]
[Date "2024.04.30"]
[Round "2"]
[White "rezamahdavi2008"]
[Black "Dhaydon19"]
[Result "0-1"]
[WhiteElo "2914"]
[BlackElo "2611"]
[TimeControl "180+1"]
[EndTime "14:19:04 PDT"]
[Termination "Dhaydon19 won by resignation"]

1. d4 c6 2. e4 d5 3. exd5 cxd5 4. Bd3 Nf6 5. c3 Nc6 6. Nf3 Bg4 7. h3 Bxf3 8. Qxf3 e6 9. O-O Bd6 10. Bg5 h6 11. Bh4 Be7 12. Nd2 Qc7 13. Rfe1 O-O-O 14. b4 Kb8 15. a4 e5 16. b5 e4 17. Qe3 Na5 18. Bf1 Bd6 19. Bg3 Bxg3 20. fxg3 Nh5 21. Kh2 f5 22. c4 dxc4 23. Rac1 f4 24. gxf4 Nxf4 25. Kg1 Nd5 26. Qxe4 c3 27. Nf3 Rhf8 28. Ne5 Nb3 29. Rc2 Rf4 30. Qd3 Nb4 31. Qg3 Nxc2 32. Re2 Ncxd4 33. Re3 Rxf1+ 34. Kxf1 Nf5 35. Nd7+ Kc8 36.
Qxc7+ Kxc7 37. Rxc3+ Kxd7 38. Rxb3 Ke6 39. Rc3 Rd7 40.
Ke2 Kd5 41. Kf3 Nd4+ 42. Kg4 Re7 43. Kh5 Re5+ 44. Kh4 Nf5+ 45. Kg4 Ne3+ 46. Kf3 Nc4 47. Rd3+ Ke6 48. Rc3 Rc5 49. Kf4 Ne5 50. Ra3 Rc4+ 51. Kg3 g5 52. Ra2 h5 53. Ra3 h4+ 54. Kh2 Re4 55.
Rc3 Re2 56. Kg1 Kd5 57. Rc7 Ra2 58. Rxb7 Rxa4 59. b6 axb6 60. Rxb6 Ke4 61. Rf6 Ra1+ 62. Kh2 Ra2 63. Kg1 g4 64. hxg4 Nxg4 65. Re6+ Kf4 66.
Rb6 Ra1+ 0-1

[Event "Late-Titled-Tuesday-Blitz-April-30-2024"]
[Site "Chess.com"]
[Date "2024.04.30"]
[Round "2"]
[White "Semyon_Khanin"]
[Black "ahkashefi2800"]
[Result "1/2-1/2"]
[WhiteElo "2872"]
[BlackElo "2590"]
[TimeControl "180+1"]
[EndTime "14:19:04 PDT"]
[Termination "Game drawn by stalemate"]

1. e4 c6 2. d4 d5 3. Nd2 dxe4 4. Nxe4 Nd7 5. Bd3 Ngf6 6. Ng5 e6 7. Qe2 Bd6 8. N1f3 h6 9. Ne4 Nxe4 10. Qxe4 Qc7 11.
Bd2 b6 12. a4 Bb7 13. a5 Nf6 14. Qe2 Rd8 15. Ne5 O-O 16. Ng4 Nxg4 17. Qxg4 Kh8 18. Qh4 Qe7 19. Qh5 Qf6 20. axb6 axb6 21. O-O Qxd4 22.
Bxh6 Kg8 23. Be3 g6 24. Bxg6 fxg6 25. Qh3 Qf6 26. Bxb6 Rd7 27. Rae1 Rh7 28. Rxe6 Rxh3 29. Rxf6 Bxh2+ 30. Kh1 Rxf6 31. gxh3 c5+ 32. Kxh2 Rxb6 33. b3 Be4 34. Rc1 Bf5 35. Kg3 Rd6 36. h4 Rd2 37. c3 Rd3+ 38. Kf4 Rh3 39. Kg5 Kf7 40. b4 cxb4 41. cxb4 Rb3 42. h5 Rxb4 43. hxg6+ Bxg6 44. Rc7+ Kf8 45. Kxg6 Rf4 46. Rc2 Rf3 47. Kg5 Kf7 48.
Kg4 Rf6 49. f4 Ra6 50. Kg5 Kf8 51. Kf5 Rb6 52. Rc7 Ra6 53. Ke5 Rb6 54. Rh7 Ra6 55. Rh8+ Kf7 56. Rh7+ Kf8 57. Rd7 Rb6 58. Rd6 Rxd6 59.
Kxd6 Kf7 60. Ke5 Ke7 61. Kf5 Kf7 62. Kg5 Kg7 63. Kf5 Kf7 64. Ke5 Ke7 65. f5 Kf7 66. f6 Kf8 67. Ke6 Ke8 68. f7+ Kf8 69. Kf6 1/2-1/2

[Event "Late-Titled-Tuesday-Blitz-April-30-2024"]
[Site "Chess.com"]
[Date "2024.04.30"]
[Round "2"]
[White "DuleMudule"]
[Black "schachlana"]
[Result "1-0"]
[WhiteElo "2782"]
[BlackElo "2343"]
[TimeControl "180+1"]
[EndTime "14:19:04 PDT"]
[Termination "DuleMudule won by checkmate"]

1. d4 Nf6 2. Bg5 Ne4 3. h4 d5 4. Nd2 Nxg5 5. hxg5 c5 6. dxc5 g6 7. c3 Bg7 8. Ngf3 Na6 9. e4 Nxc5 10. Bb5+ Bd7 11.
Qe2 a6 12. Bxd7+ Qxd7 13. exd5 Qxd5 14. Qc4 Nd3+ 15. Ke2 Qxc4 16. Nxc4 Nf4+ 17. Kf1 b5 18.
Ne3 Rd8 19. g3 Nd3 20. Rb1 O-O 21. Ke2 Nc5 22. c4 Na4 23. cxb5 axb5 24. Nd1 Rc8 25. b3 Nb6 26. Ne3 Ra8 27. a4 bxa4 28. bxa4 Nxa4 29. Rb7 Nc3+ 30. Kf1 e6 31. Kg2 Rfb8 32. Rc7 Ne4 33. Rh4 Nd6 34. Rf4 Rb2 35. Ng4 Nf5 36.
Rfc4 Rbb8 37. Nfe5 Bxe5 38. Nxe5 Ra2 39. Rc3 Rbb2 40.
Rc8+ Kg7 41. Ng4 h5 42. gxh6+ Nxh6 43. Nxh6 Rxf2+ 44. Kh3 Rh2+ 45. Kg4 Kxh6 46. R3c4 f5+ 47. Kf4 Rhf2+ 48. Ke5 Rae2+ 49. Kf6 Kh7 50. Rh4# 1-0

[Event "Late-Titled-Tuesday-Blitz-April-30-2024"]
[Site "Chess.com"]
[Date "2024.04.30"]
[Round "2"]
[White "sassassasss"]
[Black "HajiyevKanan"]
[Result "0-1"]
[WhiteElo "2380"]
[BlackElo "2610"]
[TimeControl "180+1"]
[EndTime "14:19:04 PDT"]
[Termination "HajiyevKanan won on time"]

1. e4 c6 2. d4 d5 3. e5 a6 4. Nf3 Bg4 5. Be2 e6 6. Be3 c5 7. O-O Bxf3 8. Bxf3 cxd4 9. Bxd4 Nc6 10. c3 Qc7 11. Re1 Nge7 12. Nd2 Ng6 13. Qe2 Be7 14. Nb3 O-O 15. Rad1 a5 16. g3 a4 17. Nc1 Nxd4 18. Rxd4 a3 19. h4 axb2 20. Qxb2 Nxe5 21. Bg2 Bf6 22. Rb4 Ra7 23. Qb3 h5 24. a4 Rc8 25. Re3 g6 26. Ne2 Kg7 27.
Nd4 Ng4 28. Nb5 Qc5 29. Rf3 Ra6 30. Rbf4 e5 31. Rb4 e4 32. Rf4 Be5 33. Rxg4 hxg4 34. Nd4 Qxc3 35. Qxd5 Rc5 36. Qxb7 Bxd4 37. Rxd4 Qxd4 38.
Qxa6 Rc1+ 39. Bf1 Qd3 40. Kg2 Qf3+ 41. Kg1 Rc2 42. Qb6 e3 43. Qxe3 Qxe3 44. fxe3 Ra2 45. Bb5 f5 46. Kf1 Kf6 47. Bc6 Ke5 48. Be8 Ke4 49.
Bxg6 Rxa4 50. h5 Ra1+ 51. Ke2 Ra2+ 52. Kd1 Rg2 53. h6 Rxg3 54. h7 Rh3 55. Ke2 Rh2+ 56. Kf1 g3 57. Kg1 Rh6 58. Kg2 Ke5 59. Kxg3 Rxg6+ 60. Kf3 Rh6 0-1

[Event "Late-Titled-Tuesday-Blitz-April-30-2024"]
[Site "Chess.com"]
[Date "2024.04.30"]
[Round "2"]
[White "Navyblue1"]
[Black "NoSpaghettiForYou"]
[Result "0-1"]
[WhiteElo "2241"]
[BlackElo "2503"]
[TimeControl "180+1"]
[EndTime "14:19:05 PDT"]
[Termination "NoSpaghettiForYou won by resignation"]

1. d4 Nf6 2. c4 e6 3. Nf3 d5 4.
Nc3 Bb4 5. Bd2 O-O 6. e3 c5 7.
cxd5 exd5 8. a3 Bxc3 9. Bxc3 Ne4 10. Nd2 Nxc3 11. bxc3 Bf5 12. Be2 b6 13. O-O Nd7 14. Bf3 Nf6 15. Re1 Re8 16. dxc5 bxc5 17. c4 Ne4 18. cxd5 Qd6 19. Nxe4 Bxe4 20. Bxe4 Rxe4 21.
Qd3 f5 22. Rac1 Rd8 23. Red1 Re5 24. Qc4 Rxd5 25. Rxd5 Qxd5 26. h3 Qxc4 27. Rxc4 Rd5 28. Kf1 Kf7 29. Ke2 Ke6 30. Ra4 Rd7 31. Rf4 g6 32.
Rc4 Kd5 33. Rc1 Rb7 34. Rd1+ Kc6 35. Rc1 Rb3 36. a4 Ra3 37. Rc4 Kd5 38. Rc2 Rxa4 39. Rd2+ Kc6 40. Rd8 Ra2+ 41. Kf3 c4 42. Rc8+ Kb5 43.
Rb8+ Kc5 44. Rc8+ Kb4 45. Rb8+ Ka3 46. Ra8 Kb3 47. Rb8+ Kc2 48. Rh8 c3 49. Rxh7 Kd1 50. Rd7+ Rd2 51. Rc7 c2 52. h4 c1=Q 53. Rxc1+ Kxc1 54. g4 fxg4+ 55. Kg3 a5 56. e4 a4 57. e5 a3 58. e6 a2 59. e7 Re2 60. Kxg4 a1=Q 61. f4 0-1

[Event "Late-Titled-Tuesday-Blitz-April-30-2024"]
[Site "Chess.com"]
[Date "2024.04.30"]
[Round "2"]
[White "KuzubovYuriy"]
[Black "annasargsyan_m"]
[Result "1-0"]
[WhiteElo "2963"]
[BlackElo "2612"]
[TimeControl "180+1"]
[EndTime "14:19:06 PDT"]
[Termination "KuzubovYuriy won by resignation"]

1. d4 d5 2. c4 c6 3. Nf3 Nf6 4. Nc3 dxc4 5. a4 Bf5 6. Nh4 Bc8 7. e3 e5 8. Bxc4 exd4 9. exd4 Bd6 10. O-O O-O 11. h3 Nbd7 12. a5 b5 13. axb6 Nxb6 14. Bb3 a5 15. Qf3 Nbd5 16. Bg5 h6 17. Bxf6 Nxf6 18.
Bc4 Rb8 19. Ra2 Bc7 20. Rd1 Qd6 21. Kf1 Re8 22. g4 Qh2 23. Nf5 h5 24. Re1 Rxe1+ 25.
Kxe1 hxg4 26. hxg4 Qg1+ 27. Kd2 Qxg4 28. Ne7+ Kf8 29.
Qxg4 Bxg4 30. Nxc6 Re8 31. Ra1 Bf4+ 32. Kc2 Bf5+ 33.
Bd3 Bd7 34. Nxa5 Ng4 35. Nd1 Rc8+ 36. Nc4 Be6 37. b3 Nf6 38. Ne3 Nd5 39. Nxd5 Bxd5 40. Ra5 Be6 41. d5 Bd7 42. Ra7 Ke8 43. Rxd7 Kxd7 44. Bf5+ Kd8 45. Bxc8 Kxc8 46. Kd3 g5 47. Ke4 Kd7 48. f3 Bc1 49. b4 Bf4 50. b5 f6 51.
Kf5 Ke7 52. d6+ Kd7 53. Kxf6 1-0

[Event "Late-Titled-Tuesday-Blitz-April-30-2024"]
[Site "Chess.com"]
[Date "2024.04.30"]
[Round "2"]
[White "Nemsko"]
[Black "mr_gustavo"]
[Result "0-1"]
[WhiteElo "2440"]
[BlackElo "2713"]
[TimeControl "180+1"]
[EndTime "14:19:06 PDT"]
[Termination "mr_gustavo won by resignation"]

1. e4 c6 2. d4 d5 3. e5 c5 4. dxc5 e6 5. a3 Bxc5 6. Qg4 Ne7 7. Bd3 Qc7 8. Nf3 Nbc6 9. Bf4 Nd4 10. O-O Ng6 11.
Re1 h5 12. Qg3 h4 13. Qg4 Nf5 14. b4 Bb6 15. h3 Bd7 16. Nbd2 Qc3 17. Nb3 Nxf4 18.
Qxf4 Ng3 19. Nxh4 Ne4 20. Bxe4 dxe4 21. Rxe4 Qxc2 22. Nd4 Qd3 23. Nhf3 a5 24. Rae1 axb4 25. axb4 Ra2 26. R4e2 Rxe2 27. Rxe2 O-O 28. Kh2 Rc8 29. Re3 Qb1 30. Ng5 Rf8 31. Rg3 Bxd4 32. Qxd4 Qf5 33. Qh4 Bc6 34. Nf3 Qh7 35. Qf4 Bxf3 36.
Rxf3 Qg6 37. Rg3 Qh7 38. h4 Qh5 39. Kh3 Rd8 40. Rg5 Qh6 41. Qg3 Rd4 42. f4 Re4 43.
Rg4 Rd4 44. b5 Qh7 45. Qf3 Rd3 46. Rg3 Rxf3 47. Rxf3 Qf5+ 48. g4 Qc2 49. Kg3 Qc4 50. f5 Qxb5 51. fxe6 Qxe5+ 52. Kh3 Qxe6 0-1